 Yiufcrawl Soup (a DCSS fork) version yiuf-1.4.6-25-gadd3906 (webtiles) character file.

308 AnganiTest the Skirmisher (level 6, 49/49 HPs)
             Began as a Null Berserker on Mar 20, 2017.
             Was a Priest of Trog.
             Quit the game on level 4 of the Dungeon.
             The game lasted 00:12:26 (3792 turns).

AnganiTest the Skirmisher (Null Berserker)          Turns: 3792, Time: 00:12:27

Health: 49/49      AC: 11    Str: 19    XL:     6   Next: 40%
Magic:  6/6        EV: 11    Int:  7    God:    Trog [***...]
Gold:   118        SH:  0    Dex: 12    Spells: 5/5 levels left

rFire    . . .     SeeInvis .   m - -2 spear
rCold    . . .     Gourm    .   n - +1 scale mail
rNeg     . . .     Faith    .   (no shield)
rPois    +         Spirit   .   (no helmet)
rElec    .         Reflect  .   (no cloak)
rCorr    .         Harm     .   i - +2 pair of gloves
MR       .....                  (no boots)
Stlth    ..........             u - amulet of regeneration
Regen    0.6/turn               (no ring)
MPRegen  0.1/turn               o - ring of poison resistance

@: no status effects
A: NULL
a: Berserk, Trog's Hand, Renounce Religion


You were on level 4 of the Dungeon.
You worshipped Trog.
Trog was most pleased with you.
You were hungry.

You visited 1 branch of the dungeon, and saw 4 of its levels.

You collected 118 gold pieces.

Inventory:

Hand Weapons
 m - a -2 spear (weapon)
Missiles
 b - 3 tomahawks (quivered)
Armour
 i - a +2 pair of gloves (worn)
 n - a +1 scale mail (worn)
Jewellery
 d - an uncursed amulet of guardian spirit
 o - a ring of poison resistance (left hand)
 u - an amulet of regeneration (around neck)
Wands
 t - a wand of lightning (7/15)
Scrolls
 e - a scroll of fog
 h - a scroll of immolation
 j - 2 scrolls of identify
Potions
 a - a potion of agility
 g - a potion of degeneration {unknown}
 q - a potion of curing {unknown}
 s - 2 potions of cancellation {unknown}
 v - a potion of berserk rage {unknown}
 z - a potion of magic {unknown}
Comestibles
 c - 3 bread rations
 x - a meat ration


   Skills:
 + Level 4.3 Fighting
 * Level 2.3 Polearms
 - Level 3.0 Throwing
 + Level 3.9 Armour
 + Level 3.5 Dodging
 - Level 0.6 Unarmed Combat


You had 5 spell levels left.
You didn't know any spells.

Dungeon Overview and Level Annotations

Branches:
Dungeon (4/15)
 Temple: D:4-7

Altars:
Ru


Message History

Things that are here:
a flail; an orc skeleton You now have 118 gold pieces (gained 8).
Things that are here:
a leather armour; a dagger Unknown command.
Unknown command.
You see here a giant club.
There is an open door here.
You are feeling hungry.
There is an open door here.
You see here 4 javelins.
Press: ? - help, v - describe, . - travel A sacrificial altar of Ru.
Press: ? - help, v - describe, . - travel A sacrificial altar of Ru.
Quiver which item? (- for none, * to show all) (? for menu, Esc to quit)
Okay, then.
Unknown command.
Are you sure you want to abandon this character and quit the game? (Confirm with "yes".)

. #.#####.#[#
######### #.# #
#.#####.#)#
#.......# #.#
######....)..#.#
#.#####.####.#
##.......#####.#
#.##.........#
.)...###.#
##.###.##.##.######
##.#.###.#
#.........##.#
#.....##.#
##.####......#
...#...#.#
####_########
##.#...#.# ##@..##
.........# #8.#.8#
######.#### ##...##
####......#######.##
..##.#<##.....#♣#'#
..##>#.##.###.'...♣
..##.#..#.# ###♣#+#
..##.##.#.#
..##......#


There were no monsters in sight!

Vanquished Creatures
  An ogre (D:4)
  An orc wizard (D:3)
  Terence (D:2)
  5 adders
  An ooze (D:2)
  An adder skeleton (D:4)
  2 worms (D:2)
  2 dart slugs
  5 leopard geckos
  11 orcs
  3 ball pythons
  12 giant cockroaches (D:3)
  5 goblins
  8 hobgoblins
  7 jackals
  3 quokkas
  4 bats
  3 frilled lizards
  7 kobolds
  A leopard gecko skeleton (D:4)
  9 rats
92 creatures vanquished.

Notes
Turn   | Place    | Note
-------+----------+-------------------------------------------
     0 | D:1      | AnganiTest the Null Berserker began the quest for the Orb.
     0 | D:1      | Reached XP level 1. HP: 18/18 MP: 1/1
   124 | D:1      | Reached XP level 2. HP: 17/24 MP: 2/2
   862 | D:2      | Reached XP level 3. HP: 25/29 MP: 1/3
  1054 | D:2      | Reached ** piety under Trog
  1246 | D:2      | Noticed Terence
  1272 | D:2      | Killed Terence
  1272 | D:2      | Reached XP level 4. HP: 36/36 MP: 4/4
  2103 | D:3      | Noticed an ice beast
  2623 | D:3      | Reached XP level 5. HP: 42/42 MP: 5/5
  2723 | D:3      | Reached *** piety under Trog
  2723 | D:3      | Reached skill level 1 in Polearms
  3199 | D:4      | Noticed an ogre
  3232 | D:4      | Reached skill level 4 in Fighting
  3381 | D:4      | Killed an ogre
  3381 | D:4      | Reached XP level 6. HP: 37/48 MP: 6/6
  3743 | D:4      | Found a sacrificial altar of Ru.
  3792 | D:4      | Quit the game

Skill      XL: |  1  2  3  4  5 |
---------------+----------------+-----
Armour         | 3 |  3.9
Dodging        | 3 |  3.5
Polearms       | 2 |  2.3
Fighting       | 4 |  4.3
Throwing       | |  3.0
Unarmed Combat | |  0.6

Action                   |  1- 3 |  4- 6 || total
-------------------------+-------+-------++-------
Melee: Unarmed           |    70 |       ||    70
       Spear             |    46 |   451 ||   497
Invok: Berserk           |     4 |     4 ||     8
Evoke: Wand              |       |     3 ||     3
  Use: Scroll            |       |    13 ||    13
  Eat: Chunk             |     4 |    11 ||    15
       Royal jelly       |       |     1 ||     1
Armor: Animal skin       |    21 |       ||    21
       Ring mail         |    28 |       ||    28
       Scale mail        |       |   178 ||   178
Dodge: Dodged            |    95 |   261 ||   356
